 Dungeon Crawl Stone Soup version 0.21.1-1-g345015f (webtiles) character file.

134 tidbits the Chiller (level 5, -2/55 HPs)
             Began as a Gnoll Ice Elementalist on Apr 1, 2018.
             Slain by bmj180's ghost (6 damage)
             ... on level 4 of the Dungeon.
             The game lasted 00:05:25 (716 turns).

tidbits the Chiller (Gnoll Ice Elementalist)         Turns: 716, Time: 00:05:26

Health: -2/55      AC: 28    Str: 11    XL:     5   Next: 17%
Magic:  18/21      EV:  2    Int: 18    God:
Gold:   148        SH:  0    Dex: 15    Spells: 4/14 levels left

rFire    . . .     SeeInvis .     - Unarmed
rCold    . . .     Gourm    .   (no shield)
rNeg     + + +     Faith    .   (armour currently unavailable)
rPois    +         Spirit   .   (helmet currently unavailable)
rElec    .         Reflect  .   (cloak currently unavailable)
rCorr    .         Harm     .   (gloves currently unavailable)
MR       .....     NoTele   +   (boots currently unavailable)
Stlth    +++.......             (no amulet)
HPRegen  0.18/turn              i - ring of magical power
MPRegen  0.17/turn              (no ring)

@: icy armour, tree-form, hasted, very quick
A: distributed training, strong nose
a: no special abilities


You were on level 4 of the Dungeon.
You were not hungry.
You were a tree.
You visited 1 branch of the dungeon, and saw 4 of its levels.

You collected 148 gold pieces.

Inventory:

Hand Weapons
 a - a +0 dagger
 b - a +0 falchion
 p - a +0 short sword
 q - a +0 short sword
Missiles
 f - 2 exploding tomahawks (quivered)
 l - 9 stones
Armour
 g - a +0 robe (melded)
 E - a +0 helmet (melded)
Jewellery
 i - a ring of magical power (left branch)
   (You found it on level 1 of the Dungeon)
Scrolls
 h - 3 scrolls of identify {unknown}
 j - a scroll of enchant weapon {unknown}
 k - 2 scrolls of teleportation {unknown}
 m - a scroll of blinking {unknown}
 n - a scroll of enchant armour {unknown}
 o - a scroll of amnesia {unknown}
Books
 d - a book of Frost

   Spells                             Type                      Level
   a - Freeze                         Ice                          1
   b - Throw Frost                    Conjuration/Ice              2
   c - Ozocubu's Armour               Charms/Ice                   3
   d - Throw Icicle                   Conjuration/Ice              4
   e - Summon Ice Beast               Ice/Summoning                4
Comestibles
 c - 5 rations


   Skills:
 + Level 1.3 Fighting
 + Level 1.3 Short Blades
 + Level 1.3 Long Blades
 + Level 1.3 Axes
 + Level 1.3 Maces & Flails
 + Level 1.3 Polearms
 + Level 1.3 Staves
 + Level 1.3 Slings
 + Level 1.3 Bows
 + Level 1.3 Crossbows
 + Level 1.3 Throwing
 + Level 1.3 Armour
 + Level 4.7 Dodging
 + Level 4.3 Stealth
 + Level 1.3 Shields
 + Level 1.3 Unarmed Combat
 + Level 5.1 Spellcasting
 + Level 2.3 Conjurations
 + Level 1.1 Hexes
 + Level 1.1 Charms
 + Level 1.1 Summonings
 + Level 1.1 Necromancy
 + Level 1.1 Translocations
 + Level 1.1 Transmutations
 + Level 1.1 Fire Magic
 + Level 5.5 Ice Magic
 + Level 1.1 Air Magic
 + Level 1.1 Earth Magic
 + Level 1.1 Poison Magic
 + Level 1.5 Invocations
 + Level 1.3 Evocations


You had 4 spell levels left.
You knew the following spells:

 Your Spells              Type           Power        Failure   Level  Hunger
a - Freeze                Ice            ###.         1%          1    None
j - Throw Frost           Conj/Ice       ###...       3%          2    #......
o - Ozocubu's Armour      Chrm/Ice       ###.....     10%         3    ##.....
x - Summon Ice Beast      Ice/Summ       ###.....     32%         4    ####...


Dungeon Overview and Level Annotations

Branches:
Dungeon (4/15)
 Temple: D:4-7

Altars:
Uskayaw
Wu Jian

Annotations:
D:4 bmj180's ghost, novice HaFi


Innate Abilities, Weirdness & Mutations

Your experience applies equally to all skills.
((You have very sharp teeth.))
Your uncanny sense of smell can sniff out nearby items.


Message History

You see here a sapphire potion.
s - a sapphire potion
Found a stone staircase leading down.
Bmj180's ghost (novice Halfling Fighter) comes into view.
Casting: Ozocubu's Armour
Confirm with . or Enter, or press ? or * to list all spells.
A film of ice covers your body!
Casting: Ozocubu's Armour
Confirm with . or Enter, or press ? or * to list all spells.
A chill wind blows around you.
A quokka comes into view.
Throwing (i - inventory. (,) - cycle):
f - 3 exploding tomahawks (quivered)
Press: ? - help, Shift-Dir - straight line, f - bmj180's ghost
Aim: bmj180's ghost You throw an exploding tomahawk.
The exploding tomahawk closely misses bmj180's ghost.
The exploding tomahawk explodes!
The explosion of tomahawk fragments engulfs bmj180's ghost.
You hear a shout! x2
The quokka twitches its whiskers.
Press: ? - help, v - describe, . - travel
Here: bmj180's ghost The floor.
Unknown command.
It was a potion of heal wounds.
You feel much better.
Your ice beast hits bmj180's ghost but does no damage.
You hit bmj180's ghost but do no damage.
Bmj180's ghost misses you.
You riposte.
You barely miss bmj180's ghost.
Your ice beast hits bmj180's ghost but does no damage.
You miss bmj180's ghost.
Bmj180's ghost hits you but does no damage.
Your ice beast hits bmj180's ghost but does no damage.
Bmj180's ghost hits you!
The quokka bites your ice beast but does no damage.
You miss bmj180's ghost.
Your ice beast hits bmj180's ghost but does no damage.
Bmj180's ghost hits you.
Your ice beast completely misses bmj180's ghost.
You hit bmj180's ghost but do no damage.
The quokka bites you. Bmj180's ghost hits you!
* * * LOW HITPOINT WARNING * * *
Your ice beast closely misses bmj180's ghost.
Your ice beast barely misses bmj180's ghost.
The quokka barely misses you.
You miss bmj180's ghost. Bmj180's ghost misses you.
Your ice beast closely misses bmj180's ghost.
Bmj180's ghost closely misses you.
You barely miss bmj180's ghost.
Your ice beast hits bmj180's ghost but does no damage.
Bmj180's ghost hits you!
* * * LOW HITPOINT WARNING * * *
It was a potion of haste.
You feel yourself speed up.
Your ice beast hits bmj180's ghost but does no damage.
Bmj180's ghost hits you.
* * * LOW HITPOINT WARNING * * *
It was a potion of lignification.
You turn into a tree.
Your +0 helmet melds into your body.
Your +0 robe melds into your body.
Your roots penetrate the ground.
Your ice beast misses bmj180's ghost.
The quokka twitches its whiskers.
Wield which item (- for none, * to show all)? (? for menu, Esc to quit)
You are now empty-handed.
Bmj180's ghost completely misses you.
A worker ant comes into view.
You completely miss bmj180's ghost.
Your ice beast misses bmj180's ghost.
You smack bmj180's ghost!
Bmj180's ghost is moderately damaged.
Bmj180's ghost hits you.
* * * LOW HITPOINT WARNING * * *
You miss bmj180's ghost.
Bmj180's ghost is moderately damaged.
Your ice beast disappears in a puff of smoke!
You closely miss bmj180's ghost.
Bmj180's ghost is moderately damaged.
Bmj180's ghost hits you but does no damage.
You smack bmj180's ghost!
Bmj180's ghost is heavily damaged.
Bmj180's ghost hits you.
* * * LOW HITPOINT WARNING * * *
You barely miss bmj180's ghost.
Bmj180's ghost is heavily damaged.
You barely miss bmj180's ghost.
Bmj180's ghost is heavily damaged.
Bmj180's ghost hits you but does no damage.
You hit bmj180's ghost but do no damage.
Bmj180's ghost is heavily damaged.
Bmj180's ghost hits you but does no damage.
You barely miss bmj180's ghost.
Bmj180's ghost is heavily damaged.
You hit bmj180's ghost.
Bmj180's ghost is severely damaged.
Bmj180's ghost hits you but does no damage.
The quokka twitches its whiskers.
You closely miss bmj180's ghost.
Bmj180's ghost is severely damaged.
Bmj180's ghost hits you but does no damage.
You smack bmj180's ghost!
Bmj180's ghost is severely damaged.
You hit bmj180's ghost.
Bmj180's ghost is almost destroyed.
Bmj180's ghost hits you.
You die...

##..## ..>.# #...#
###...### .......
######...#
.......ar#
##.#####W# #♣## ###
#..# ..# ##.# #.#
#.# #.#
#.######.### #.#
#..........# ####.#
########.#.# .....#
#.#.#
####.############.#
#


You could see a worker ant, bmj180's ghost and a quokka.

Vanquished Creatures
  A scorpion (D:3)
  A bullfrog skeleton (D:4)
  Terence (D:2)
  A dart slug (D:1)
  A giant cockroach (D:1)
  2 hobgoblins (D:1)
  6 jackals (D:1)
  2 kobolds (D:1)
  4 bats
  A frilled lizard (D:1)
  2 goblins
  6 rats
28 creatures vanquished.

Notes
Turn   | Place    | Note
-------+----------+-------------------------------------------
     0 | D:1      | tidbits the Gnoll Ice Elementalist began the quest for the Orb.
     0 | D:1      | Reached XP level 1. HP: 13/13 MP: 6/6
    47 | D:1      | Reached skill level 2 in Conjurations
    47 | D:1      | Reached XP level 2. HP: 11/19 MP: 0/7
    51 | D:1      | Learned a level 2 spell: Throw Frost
   198 | D:2      | Noticed Terence
   372 | D:1      | Reached XP level 3. HP: 25/25 MP: 9/9
   377 | D:1      | Learned a level 3 spell: Ozocubu's Armour
   433 | D:2      | Reached skill level 5 in Spellcasting
   458 | D:2      | Found a hide-covered altar of Uskayaw.
   498 | D:2      | Killed Terence
   498 | D:2      | Reached skill level 1 in Fighting
   498 | D:2      | Reached skill level 1 in Short Blades
   498 | D:2      | Reached skill level 1 in Long Blades
   498 | D:2      | Reached skill level 1 in Axes
   498 | D:2      | Reached skill level 1 in Maces & Flails
   498 | D:2      | Reached skill level 1 in Polearms
   498 | D:2      | Reached skill level 1 in Staves
   498 | D:2      | Reached skill level 1 in Slings
   498 | D:2      | Reached skill level 1 in Bows
   498 | D:2      | Reached skill level 1 in Crossbows
   498 | D:2      | Reached skill level 1 in Throwing
   498 | D:2      | Reached skill level 1 in Armour
   498 | D:2      | Reached skill level 1 in Shields
   498 | D:2      | Reached skill level 1 in Unarmed Combat
   498 | D:2      | Reached skill level 1 in Invocations
   498 | D:2      | Reached skill level 1 in Evocations
   528 | D:3      | Noticed a scorpion
   537 | D:3      | Killed a scorpion
   537 | D:3      | Reached skill level 1 in Hexes
   537 | D:3      | Reached skill level 1 in Charms
   537 | D:3      | Reached skill level 1 in Summonings
   537 | D:3      | Reached skill level 1 in Necromancy
   537 | D:3      | Reached skill level 1 in Translocations
   537 | D:3      | Reached skill level 1 in Transmutations
   537 | D:3      | Reached skill level 1 in Fire Magic
   537 | D:3      | Reached skill level 1 in Air Magic
   537 | D:3      | Reached skill level 1 in Earth Magic
   537 | D:3      | Reached skill level 1 in Poison Magic
   537 | D:3      | Reached XP level 4. HP: 27/32 MP: 7/11
   550 | D:4      | Found an ornate altar of the Wu Jian Council.
   586 | D:4      | Reached XP level 5. HP: 36/37 MP: 12/12
   592 | D:4      | Learned a level 4 spell: Summon Ice Beast
   689 | D:4      | Noticed bmj180's ghost (novice HaFi)
   708 | D:4      | HP: 4/55 [bmj180's ghost (3)]
   716 | D:4      | Slain by bmj180's ghost

Skill      XL: |  1  2  3 |
---------------+----------+-----
Conjurations   | 2 |  2.3
Spellcasting   | 5 |  5.1
Fighting       | 1 |  1.3
Short Blades   | 1 |  1.3
Long Blades    | 1 |  1.3
Axes           | 1 |  1.3
Maces & Flails | 1 |  1.3
Polearms       | 1 |  1.3
Staves         | 1 |  1.3
Slings         | 1 |  1.3
Bows           | 1 |  1.3
Crossbows      | 1 |  1.3
Throwing       | 1 |  1.3
Armour         | 1 |  1.3
Shields        | 1 |  1.3
Unarmed Combat | 1 |  1.3
Invocations    | 1 |  1.5
Evocations     | 1 |  1.3
Hexes          | 1 |  1.1
Charms         | 1 |  1.1
Summonings     | 1 |  1.1
Necromancy     | 1 |  1.1
Translocations | 1 |  1.1
Transmutations | 1 |  1.1
Fire Magic     | 1 |  1.1
Air Magic      | 1 |  1.1
Earth Magic    | 1 |  1.1
Poison Magic   | 1 |  1.1
Dodging        | |  4.7
Stealth        | |  4.3
Ice Magic      | |  5.5

Action                   |  1- 3 |  4- 6 || total
-------------------------+-------+-------++-------
Melee: Dagger            |    14 |       ||    14
       Short sword       |     1 |       ||     1
       Falchion          |       |    12 ||    12
       Bite              |       |     1 ||     1
       Unarmed           |       |    13 ||    13
Throw: Tomahawk          |       |     2 ||     2
 Cast: Freeze            |    44 |     1 ||    45
       Ozocubu's Armour  |     2 |     2 ||     4
       Throw Frost       |     1 |       ||     1
       Summon Ice Beast  |       |     1 ||     1
  Use: Potion            |       |     3 ||     3
 Stab: Sleeping          |     1 |       ||     1
Armor: Robe              |    10 |     4 ||    14
       Skin              |       |     5 ||     5
Dodge: Dodged            |    30 |    10 ||    40
       Rpst.: Falchion   |       |     2 ||     2

Table legend:
 A = Turns spent in this place as a percentage of turns spent in the entire game.
 B = Non-inter-level travel turns spent in this place as a percentage of non-inter-level travel turns spent in the entire game.
 C = Inter-level travel turns spent in this place as a percentage of turns spent in this place.
 D = Turns resting spent in this place as a percentage of non-inter-level travel turns spent in this place.
 E = Turns spent auto-exploring this place as a percentage of non-inter-level travel turns spent in this place.
 F = Non-inter-level travel turns spent in this place divided by the number of levels of this place that you've seen.
                   A       B       C       D       E      F
               +-------+-------+-------+-------+-------+----------------------
         Total | 100.0 | 100.0 |   0.0 |   0.0 |   0.0 | 179.0
       Dungeon | 100.0 | 100.0 |   0.0 |   0.0 |   0.0 | 179.0
               +-------+-------+-------+-------+-------+----------------------

Table legend:
 A = Kills in this place as a percentage of kills in entire the game.
 B = Kills by you in this place as a percentage of kills by you in the entire game.
 C = Kills by friends in this place as a percentage of kills by friends in the entire game.
 D = Other kills in this place as a percentage of other kills in the entire game.
 E = Experience gained in this place as a percentage of experience gained in the entire game.
 F = Experience gained in this place divided by the number of levels of this place that you have seen.
                   A       B       C       D       E      F
               +-------+-------+-------+-------+-------+----------------------
         Total | 100.0 | 100.0 |   N/A |   N/A | 100.0 |  48.0
       Dungeon | 100.0 | 100.0 |   N/A |   N/A | 100.0 |  48.0
               +-------+-------+-------+-------+-------+----------------------

Vault maps used:
D:1:      dpeg_arrival_tiny_a, nrook_loot_triangle
D:2:      nicolae_overflow_hidden_temple, uniq_terence
D:3:      uniq_sigmund
D:4:      lemuel_round_altar
